 Dungeon Crawl Stone Soup version 0.29-a0-352-g0917bc69df (webtiles) character file.

Game seed: 746549080447417693

548 croobank the Sneak (level 7, -4/45 HPs)
             Began as an Octopode Fire Elementalist on Apr 23, 2022.
             Slain by an iguana (14 damage)
             ... on level 5 of the Dungeon.
             The game lasted 00:12:36 (5383 turns).

croobank the Sneak (Octopode Fire Elementalist)     Turns: 5383, Time: 00:12:37

Health: -4/45      AC: -3    Str:  9      XL:     7   Next: 28%
Magic:  8/12       EV: 13    Int: 19      God:
Gold:   261        SH:  0    Dex: 11 (13) Spells: 5/12 levels left

rFire   . . .      SeeInvis .   p - +1 quarterstaff of Jafumail {speed, Str+2}
rCold   . . .      Faith    .   (shield currently unavailable)
rNeg    . . .      Spirit   .   (helmet restricted)
rPois   .          Reflect  .   (no amulet)
rElec   .          Harm     .   (no ring)
rCorr   .          Rampage  .   (no ring)
Will    .....                   (no ring)
Stlth   ++++......              (no ring)
HPRegen 0.15/turn               (no ring)
MPRegen 0.13/turn               (no ring)
                                (no ring)
                                (no ring)

@: corroded
A: almost no armour, amphibious, 8 rings, camouflage 1, gelatinous body 1,
(nimble swimmer 1), tentacles
a: no special abilities


You were on level 5 of the Dungeon.
You visited 1 branch of the dungeon, and saw 5 of its levels.

You collected 261 gold pieces.

Inventory:

Hand Weapons
 b - a +0 mace
 c - a +0 war axe
 h - a +1 spear of venom
 j - a +0 hand axe of venom
 p - the +1 quarterstaff of Jafumail (weapon) {speed, Str+2}
   (You took it off a hobgoblin on level 2 of the Dungeon)

   Attacks with this weapon are significantly faster.
   Str:       It affects your strength (+2).
Missiles
 d - 160 stones
 i - 3 poisoned darts
 n - 5 atropa-tipped darts (quivered)
 o - 5 boomerangs
Magical Staves
 g - a staff of air
Wands
 r - a wand of flame (23)
Scrolls
 e - 3 scrolls of teleportation
 f - a scroll of holy word
 m - 4 scrolls of identify
Potions
 a - 2 potions of magic
 k - a potion of resistance {unknown}
 l - 2 potions of flight {unknown}
 q - 3 potions of curing


   Skills:
 + Level 2.3 Fighting
 + Level 3.6 Dodging
 + Level 5.2 Stealth
 + Level 3.4 Spellcasting
 + Level 3.0 Conjurations
 + Level 4.2 Fire Magic


You had 5 spell levels left.
You knew the following spells:

 Your Spells              Type           Power      Damage    Failure   Level
a - Foxfire               Conj/Fire      68%        2x1d7     3%          1
b - Scorch                Fire           38%        2d7       3%          2
c - Flame Wave            Conj/Fire      17%        2d6       32%         4

Your spell library contained the following spells:

 Spells                   Type           Power      Damage    Failure   Level
 Conjure Flame            Conj/Fire      17%        6-21      10%         3
 Inner Flame              Hex/Fire       11%        N/A       19%         3
 Fireball                 Conj/Fire      8%         3d6       65%         5
 Iskenderun's Battlesphe  Conj           14%        2d7       75%         5
 Conjure Ball Lightning   Conj/Air       4%         3x3d6     100%        6
 Orb of Destruction       Conj           7%         9d6       100%        7


Dungeon Overview and Level Annotations

Branches:
Dungeon (5/15)
 Temple: D:4-7

Altars:
Wu Jian


Innate Abilities, Weirdness & Mutations

You cannot wear most types of armour.
You are amphibious.
You can wear up to eight rings at the same time.
Your skin changes colour to match your surroundings (Stealth+).
Your rubbery body absorbs attacks. (AC +1, EV +1)
((You are camouflaged when in or above water. (Stealth+)))
You have tentacles for arms and can constrict up to eight enemies at once.


Message History

You climb upwards.
There is a stone staircase leading down here.
Casting: Scorch (safe; 3% risk of failure)
Confirm with . or Enter, or press ? or * to list all spells.
Flames lash the hound.
The hound is heavily wounded.
The hound's fire resistance burns away.
The hound closely misses you. x2
Casting: Scorch (safe; 3% risk of failure)
Confirm with . or Enter, or press ? or * to list all spells.
Flames lash the hound.
The hound is burned terribly!
You kill the hound!
Casting: Scorch (safe; 3% risk of failure)
Confirm with . or Enter, or press ? or * to list all spells.
You can't see any susceptible monsters within range! (Use Z to cast anyway.) Unknown command.
Things that are here:
a +0 ring mail; a +0 dagger
There is a stone staircase leading down here.
You start resting.
Magic restored.
You start resting.
HP restored.
You climb downwards.
The jelly hits you. The acid corrodes you!
You are splashed with acid!
The iguana bites you.
There is a stone staircase leading up here.
Casting: Scorch (safe; 3% risk of failure)
Confirm with . or Enter, or press ? or * to list all spells.
Flames lash the iguana.
The iguana is heavily wounded.
The iguana's fire resistance burns away.
The jelly barely misses you. The iguana bites you!
Casting: Scorch (safe; 3% risk of failure)
Confirm with . or Enter, or press ? or * to list all spells.
Flames lash the jelly.
The jelly is lightly wounded.
The jelly's fire resistance burns away.
The jelly hits you.
You are splashed with acid!
* * * LOW HITPOINT WARNING * * *
The iguana bites you!
You die...

######+#####
........J@.##
........l.).#
.......<....#
............#
.###+#+####.#
#.#.####.########
#................
#.######.########
#........#


You could see an iguana (combustible) and a jelly (combustible).

Vanquished Creatures
  A black bear (D:4)
  A scorpion (D:3)
  2 orc priests (D:4)
  2 hounds (D:4)
  Natasha (twice) (D:2)
  4 orc wizards
  6 adders
  An ufetubus (D:5)
  2 dart slugs
  9 orcs
  7 ball pythons
  3 endoplasms
  2 giant cockroaches
  3 goblins
  5 hobgoblins
  6 jackals (D:1)
  3 kobolds
  A quokka (D:2)
  4 bats
  3 frilled lizards
  9 rats
76 creatures vanquished.

Vanquished Creatures (collateral kills)
  5 foxfires (D:2)
5 creatures vanquished.

Vanquished Creatures (others)
  92 foxfires
  12 plants
104 creatures vanquished.

Grand Total: 185 creatures vanquished

Notes
Turn   | Place    | Note
-------+----------+-------------------------------------------
     0 | D:1      | croobank the Octopode Fire Elementalist began the quest for
                  | the Orb.
     0 | D:1      | Reached XP level 1. HP: 11/11 MP: 3/3
   124 | D:1      | Found a faded altar of an unknown god.
   355 | D:1      | Reached skill level 3 in Stealth
   355 | D:1      | Reached XP level 2. HP: 17/17 MP: 3/5
   426 | D:1      | Learned a level 2 spell: Scorch
   819 | D:1      | Reached XP level 3. HP: 21/21 MP: 1/6
  1701 | D:2      | Identified the +1 quarterstaff of Jafumail {speed, Str+2}
  2058 | D:3      | Noticed Natasha
  2065 | D:2      | Killed Natasha
  2066 | D:2      | Reached XP level 4. HP: 20/27 MP: 0/7
  2307 | D:2      | Noticed Natasha
  2314 | D:2      | Killed Natasha
  2988 | D:3      | Noticed a scorpion
  3004 | D:3      | Learned a level 4 spell: Flame Wave
  3030 | D:3      | Killed a scorpion
  3031 | D:3      | Reached skill level 1 in Fighting
  3031 | D:3      | Reached skill level 4 in Stealth
  3031 | D:3      | Reached XP level 5. HP: 8/33 MP: 0/9
  3646 | D:4      | Noticed a black bear
  3652 | D:4      | Killed a black bear
  3653 | D:4      | Reached XP level 6. HP: 38/38 MP: 5/10
  3968 | D:5      | Entered Level 5 of the Dungeon
  4832 | D:4      | Reached skill level 5 in Stealth
  4832 | D:4      | Reached XP level 7. HP: 42/45 MP: 11/11
  5026 | D:4      | Found an ornate altar of the Wu Jian Council.
  5383 | D:5      | Slain by an iguana

Illustrated notes

Levels and vault maps discovered:
D:1:      dpeg_arrival_rhombi, layout_basic, shapermc_ecumenical_altar_venn,
          minmay_misc_feat_x
D:2:      layout_loops_ring, serial_bayou_crossing
D:3:      layout_basic, uniq_natasha
D:4:      layout_basic, mainiacjoe_overflow_alcove_1, guppyfry_early_lair_pool
D:5:      layout_basic, kennysheep_mini_moat

Skill      XL: |  1  2  3  4  5  6  7 |
---------------+----------------------+-----
Stealth        | 3 4 5 |  5.2
Conjurations   | 2 3 |  3.0
Fighting       | 1 2 |  2.3
Dodging        | 3 |  3.6
Spellcasting   | 3 |  3.4
Fire Magic     | 4 |  4.2

Action                   |  1- 3 |  4- 6 |  7- 9 || total
-------------------------+-------+-------+-------++-------
Melee: Mace              |     6 |       |       ||     6
       Constrict         |     4 |    11 |     2 ||    17
       Tentacles         |     3 |     7 |     2 ||    12
       Quarterstaff      |     2 |    38 |    10 ||    50
       Hand axe          |     1 |       |       ||     1
 Cast: Foxfire           |    33 |    20 |     6 ||    59
       Scorch            |    11 |    26 |    11 ||    48
  Use: Scroll            |     2 |     5 |       ||     7
       Potion            |       |     5 |       ||     5
Armor: Skin              |     3 |     4 |     2 ||     9
Dodge: Dodged            |    11 |    38 |    13 ||    62

Table legend: (Time is in decaauts)
 A = Elapsed time spent in this place.
 B = Non-inter-level travel time spent in this place.
 C = Inter-level travel time spent in this place.
 D = Time resting spent in this place.
 E = Time spent auto-exploring this place.
 F = Levels seen in this place.
 G = Mean time per level.
                   A        B        C        D        E       F      G
               +--------+--------+--------+--------+--------+-----+--------+
         Total |   5392 |   5267 |    125 |   1765 |   2842 |   5 | 1078.4 |
       Dungeon |   5392 |   5267 |    125 |   1765 |   2842 |   5 | 1078.4 |
               +--------+--------+--------+--------+--------+-----+--------+

Top non-repeatable levels by time:
     D:2: 1433 daAuts
     D:4: 1273 daAuts
     D:3: 1053 daAuts
     D:1: 1044 daAuts
     D:5: 588 daAuts
